 Dungeon Crawl Stone Soup version 0.24-a0-375-g4de66ed42b (webtiles) character file.

64 Peloso the Covered (level 3, -1/34 HPs)
             Began as a Minotaur Fighter on Dec 31, 2018.
             Slain by an adder (4 damage)
             ... on level 3 of the Dungeon on May 31, 2019.
             The game lasted 00:03:52 (1503 turns).

Peloso the Covered (Minotaur Fighter)               Turns: 1503, Time: 00:03:52

Health: -1/34      AC:  9    Str: 20    XL:     3   Next: 91%
Magic:  2/2        EV:  6    Int:  5    God:
Gold:   74         SH:  9    Dex: 10    Spells: 2/2 levels left

rFire    . . .     SeeInvis .   a - +0 long sword
rCold    . . .     Gourm    .   c - +0 shield
rNeg     . . .     Faith    .   h - +0 chain mail
rPois    .         Spirit   .   (helmet restricted)
rElec    .         Reflect  .   (no cloak)
rCorr    .         Harm     .   (no gloves)
MR       .....                  (no boots)
Stlth    ..........             (no amulet)
HPRegen  0.11/turn              i - +1 ring of evasion
MPRegen  0.08/turn              (no ring)

@: lethally poisoned (-1 -> -12)
A: retaliatory headbutt, horns 2
a: no special abilities


You were on level 3 of the Dungeon.
You were not hungry.

You visited 1 branch of the dungeon, and saw 3 of its levels.

You collected 74 gold pieces.

Inventory:

Hand Weapons
 a - a +0 long sword (weapon)
Armour
 b - a +0 scale mail
 c - a +0 shield (worn)
 h - a +0 chain mail (worn)
Jewellery
 i - a +1 ring of evasion (left hand)
Scrolls
 e - a scroll of amnesia {unknown}
 g - 4 scrolls of identify {unknown}
 k - a scroll of enchant weapon {unknown}
Potions
 d - a potion of might
 j - a potion of agility {unknown}
 l - a potion of haste {unknown}
 m - a potion of curing {unknown}
Comestibles
 f - 6 rations


   Skills:
 + Level 4.3 Fighting
 + Level 3.1 Long Blades
 + Level 4.4 Armour
 + Level 0.5 Dodging
 + Level 4.1 Shields


You had 2 spell levels left.
You didn't know any spells.
Your spell library was empty.

Dungeon Overview and Level Annotations

Branches:
Dungeon (3/15)

Altars:
Elyvilon
Hepliaklqana
The Shining One


Innate Abilities, Weirdness & Mutations

You reflexively headbutt those who attack you in melee.
You have a pair of horns on your head.


Message History

* * * LOW HITPOINT WARNING * * *
You are more poisoned.
The adder poisons you! You block the adder's attack.
* * * LOW HITPOINT WARNING * * *
You feel sick. The adder barely misses you.
* * * LOW HITPOINT WARNING * * *
You feel sick. The adder bites you.
* * * LOW HITPOINT WARNING * * *
You are more poisoned.
The adder poisons you!
* * * LOW HITPOINT WARNING * * *
You feel sick. You block the adder's attack.
* * * LOW HITPOINT WARNING * * *
You feel sick. You block the adder's attack.
The adder bites you but does no damage.
* * * LOW HITPOINT WARNING * * *
You feel sick. You block the adder's attack.
* * * LOW HITPOINT WARNING * * *
You feel sick. The adder bites you.
You die...

####### #.....#
#.###.### ########
#........ #......#
#.....#.. #......#
#.#...#.# #......#
#.####...
##.....S########.##.....
......†@...............>
################.....###
#.##....# #.#####.#
###.).÷...# #....†....#
#.....###.# #####)....#
#.. #...#.....#####


You could see an adder.

Vanquished Creatures
  An adder (D:3)
  An ooze (D:2)
  A worm (D:2)
  A dart slug (D:1)
  A leopard gecko (D:1)
  2 orcs
  3 giant cockroaches
  4 goblins
  2 hobgoblins
  8 jackals
  3 kobolds
  5 bats
  2 frilled lizards
  4 rats
38 creatures vanquished.

Notes
Turn   | Place    | Note
-------+----------+-------------------------------------------
     0 | D:1      | Peloso the Minotaur Fighter began the quest for the Orb.
     0 | D:1      | Reached XP level 1. HP: 19/19 MP: 0/0
   315 | D:1      | Reached XP level 2. HP: 27/27 MP: 1/1
   506 | D:2      | Found a faded altar of an unknown god.
   527 | D:2      | Reached XP level 3. HP: 25/33 MP: 2/2
   658 | D:2      | Found a glowing golden altar of the Shining One.
   659 | D:2      | Found a white marble altar of Elyvilon.
   661 | D:2      | Found a hazy altar of Hepliaklqana.
  1214 | D:2      | Upgraded the game from 0.23-a0-642-g3120c2f5a9 to
                  | 0.24-a0-375-g4de66ed42b
  1503 | D:3      | Slain by an adder

Levels and vault maps discovered:
D:1:      dpeg_arrival_castle
D:2:      chequers_temple_overflow_statue_of_worship,
          chequers_ecumenical_altar_simple_redux, first_ration
D:3:      layout_basic

Skill      XL: |  1  2  3 |
---------------+----------+-----
Fighting       | 4 |  4.3
Armour         | 4 |  4.4
Shields        | 4 |  4.1
Long Blades    | 3 |  3.1
Dodging        | |  0.5

Action                   || total
-------------------------++-------
Melee: Long sword        ||    65
       Headbutt          ||    12
  Eat: Chunk             ||     2
Armor: Chain mail        ||   114
       Scale mail        ||     1
Dodge: Dodged            ||    46
Block: Shield            ||    99
       Rpst.: Long sword ||    11

Table legend:
 A = Non-vault XP
 B = Vault XP
 C = Vault XP percentage of total XP
 D = Non-vault monster count
 E = Vault monster count
 F = Vault count percentage of total count
                 A         B        C        D         E       F
            +---------+---------+-------+---------+---------+-------
      Total |      92 |       0 |   0.0 |      38 |       0 |   0.0
            +---------+---------+-------+---------+---------+-------
        D:1 |      18 |       0 |   0.0 |       9 |       0 |   0.0
        D:2 |      46 |       0 |   0.0 |      20 |       0 |   0.0
        D:3 |      28 |       0 |   0.0 |       9 |       0 |   0.0
            +---------+---------+-------+---------+---------+-------
